 Dungeon Crawl Stone Soup version 0.24-a0-699-g5a66b1aa3b (webtiles) character file.

Game seed: 4307020544342480220, levelgen mode: deterministic

137 Anathary the Chopper (level 5, -1/39 HPs)
             Began as a Demonspawn Gladiator on Sept 29, 2019.
             Killed from afar by an orc wizard (10 damage)
             ... with a magic dart
             ... on level 4 of the Dungeon.
             The game lasted 00:08:32 (2562 turns).

Anathary the Chopper (Demonspawn Gladiator)         Turns: 2562, Time: 00:08:32

Health: -1/39      AC:  4    Str: 15    XL:     5   Next: 0%
Magic:  5/5        EV: 13    Int:  9    God:
Gold:   126        SH:  0    Dex: 15    Spells: 4/4 levels left

rFire    . . .     SeeInvis .   a - +0 war axe
rCold    . . .     Gourm    .   (no shield)
rNeg     . . .     Faith    .   b - +0 leather armour
rPois    .         Spirit   .   c - +0 helmet
rElec    .         Reflect  .   (no cloak)
rCorr    .         Harm     .   (no gloves)
MR       .....                  (no boots)
Stlth    +.........             (no amulet)
HPRegen  0.13/turn              (no ring)
MPRegen  0.09/turn              (no ring)

@: no status effects
A: powered by death 1, rot immunity
a: no special abilities


You were on level 4 of the Dungeon.
You were not hungry.

You visited 1 branch of the dungeon, and saw 4 of its levels.

You collected 126 gold pieces.

Inventory:

Hand Weapons
 a - a +0 war axe (weapon)
Missiles
 d - 3 throwing nets (quivered)
Armour
 b - a +0 leather armour (worn)
 c - a +0 helmet (worn)
Jewellery
 j - a cursed ring of attention {unknown}
Wands
 q - a wand of polymorph (6)
Scrolls
 e - 3 scrolls of fog
 g - a scroll of remove curse {unknown}
 h - a scroll of magic mapping {unknown}
 k - 2 scrolls of fear {unknown}
 m - a scroll of enchant weapon {unknown}
 n - 2 scrolls of identify {unknown}
 p - a scroll of teleportation {unknown}
Potions
 i - a potion of berserk rage {unknown}
 l - a potion of mutation {unknown}
 o - a potion of curing {unknown}
Comestibles
 f - 5 rations


   Skills:
 + Level 2.4 Fighting
 + Level 4.0 Axes
 + Level 1.9 Throwing
 + Level 1.4 Armour
 + Level 3.3 Dodging
 + Level 0.4 Stealth


You had 4 spell levels left.
You didn't know any spells.
Your spell library was empty.

Dungeon Overview and Level Annotations

Branches:
Dungeon (3/15)

Altars:
Uskayaw
Zin
The Shining One

Annotations:
D:4 Natasha


Innate Abilities, Weirdness & Mutations

You regenerate a little health from kills.
You are immune to rotting.


Message History

The orc wizard flickers and vanishes!
Deactivating autopickup; reactivate with Ctrl-A.
You hear some strange, mumbled words.
A magic dart appears from out of thin air!
The magic dart hits you.
You miss something.
Something hits you but does no damage. x2
The orc wizard casts a spell.
The orc wizard seems to speed up.
You miss something. Something hits you. Something hits you but does no damage.
You miss something.
You hear some strange, mumbled words.
A magic dart appears from out of thin air!
The magic dart hits you.
* * * LOW HITPOINT WARNING * * *
You miss something. Something hits you.
* * * LOW HITPOINT WARNING * * *
You hear some strange, mumbled words.
A magic dart appears from out of thin air!
The magic dart hits you!
You die...

#####
o....5#######
#....ho{@...#
#.##.os####.#
#.5. #.#
#...####.#
#.....##.#
##.#.#.##.#
....#.##.#
##.###.##.#
###.........#


You could see a scorpion, an orc wizard, Natasha, a white imp, a shadow imp and
an orc.

Vanquished Creatures
  Robin (D:3)
  3 adders
  An ooze (D:3)
  4 worms (D:2)
  A dart slug (D:3)
  A leopard gecko (D:2)
  5 orcs (D:3)
  A ball python (D:2)
  6 bats
  8 giant cockroaches
  14 goblins
  5 hobgoblins
  9 kobolds
  3 quokkas
  3 frilled lizards
  6 rats
71 creatures vanquished.

Notes
Turn   | Place    | Note
-------+----------+-------------------------------------------
     0 | D:1      | Anathary the Demonspawn Gladiator began the quest for the
                  | Orb.
     0 | D:1      | Reached XP level 1. HP: 16/16 MP: 1/1
   166 | D:1      | Reached skill level 3 in Axes
   215 | D:1      | Gained mutation: You regenerate a little health from kills.
                  | [demonic ancestry]
   215 | D:1      | Reached XP level 2. HP: 20/22 MP: 2/2
   773 | D:2      | Gained mutation: You are immune to rotting. [demonic
                  | ancestry]
   773 | D:2      | Reached XP level 3. HP: 14/27 MP: 3/3
  1154 | D:2      | Noticed a +0 dagger
  1154 | D:2      | Noticed a +0 dagger
  1158 | D:2      | Found a hide-covered altar of Uskayaw.
  1404 | D:2      | Reached skill level 1 in Armour
  1860 | D:3      | Reached XP level 4. HP: 32/33 MP: 4/4
  1898 | D:3      | Found a glowing golden altar of the Shining One.
  2131 | D:3      | Found a glowing silver altar of Zin.
  2132 | D:3      | Noticed an angel
  2374 | D:3      | Noticed Robin
  2417 | D:3      | Killed Robin
  2499 | D:3      | Reached skill level 4 in Axes
  2533 | D:3      | You fall into a shaft and drop 1 floor!
  2549 | D:4      | Noticed Natasha
  2555 | D:4      | Reached XP level 5. HP: 29/39 MP: 5/5
  2562 | D:4      | Killed from afar by an orc wizard

Levels and vault maps discovered:
D:1:      onia_arrival_mini_maze, layout_basic
D:2:      layout_loops_cross, dancing_weapons_uskayaw, grunt_ministairs_6
D:3:      cheibrodos_thug_alley, layout_basic, marbit_many_paths, zin_angel,
          nicolae_tso_carved_into_rock,
          nicolae_dithmenos_through_a_glass_darkly, first_ration,
          minmay_misc_feat_iff, uniq_robin
D:4:      kennysheep_big_flooded_room, layout_loops_corners, uniq_blork_the_orc,
          uniq_natasha, uniq_edmund, uniq_ijyb

Skill      XL: |  1  2  3  4 |
---------------+-------------+-----
Axes           | 3 4 |  4.0
Dodging        | 3 |  3.3
Armour         | 1 |  1.4
Fighting       | |  2.4
Throwing       | |  1.9
Stealth        | |  0.4

Action                   |  1- 3 |  4- 6 || total
-------------------------+-------+-------++-------
Melee: War axe           |   134 |   111 ||   245
  Use: Scroll            |     1 |       ||     1
 Stab: Sleeping          |     2 |       ||     2
  Eat: Ration            |     1 |     1 ||     2
Armor: Leather armour    |    41 |    36 ||    77
Dodge: Dodged            |    96 |    89 ||   185

Table legend:
 A = Non-vault XP
 B = Vault XP
 C = Vault XP percentage of total XP
 D = Non-vault monster count
 E = Vault monster count
 F = Vault count percentage of total count
                 A         B        C        D         E       F
            +---------+---------+-------+---------+---------+-------
      Total |     153 |      43 |  21.9 |      57 |      14 |  19.7
            +---------+---------+-------+---------+---------+-------
        D:1 |      22 |       0 |   0.0 |      14 |       0 |   0.0
        D:2 |      64 |       7 |   9.9 |      25 |       2 |   7.4
        D:3 |      54 |      36 |  40.0 |      17 |      12 |  41.4
        D:4 |      13 |       0 |   0.0 |       1 |       0 |   0.0
            +---------+---------+-------+---------+---------+-------
